Map: Post-Youth LE

Players

ByuN - Winner!

  • Race: Terran Terran
  • Spawn Location: 7:00

Lambo

  • Race: Zerg Zerg
  • Spawn Location: 1:00

Event: ESL Spring 2024 Finals

VOD

Have the link to the VOD?

Description

Time

  • Played on: May 31, 2024, 7:47 p.m.
  • Length: 8:56

All games in this series

Show
View Real Time Build Order
Export as new Build Order

ByuN Terran - Winner!

Build Orders: Reaper Expand 

Get SALT Encoding   

  12  0:00  SCV  
  13  0:12  SCV  
  14  0:17  Supply Depot  
  14  0:24  SCV  
  15  0:38  SCV  
  15  0:40  Barracks  
  16  0:43  Refinery  
  16  0:51  SCV  
  17  1:03  SCV  
  18  1:15  SCV  
  19  1:27  Reaper  
  19  1:28  Orbital Command  
  20  1:41  Command Center  
  20  1:50  Supply Depot  
  20  1:54  SCV  
  20  1:59  Marine  
  22  2:06  SCV  
  23  2:17  Barracks Reactor  
  23  2:18  SCV  
  24  2:25  Command Center  
  24  2:36  Barracks  
  24  2:37  SCV  
  25  2:49  SCV  
  25  2:50  Barracks  
  26  2:54  Orbital Command  
  26  2:58  Marine x2  
  27  3:02  SCV  
  29  3:14  SCV  
  29  3:16  Marine  
  29  3:17  Marine  
  32  3:22  SCV  
  32  3:24  Barracks Tech Lab  
  32  3:25  Refinery  
  32  3:26  SCV  
  34  3:34  SCV  
  35  3:37  Orbital Command  
  35  3:38  SCV  
  35  3:41  Marine x2, Barracks Reactor  
  36  3:42  Marine  
  36  3:43  Stimpack  
  36  3:47  SCV  
  40  3:51  SCV  
  41  3:55  Factory  
  41  3:58  Refinery  
  41  3:59  SCV  
  42  4:03  Marine x2  
  42  4:04  Marine  
  42  4:06  SCV x2  
  47  4:11  SCV  
  48  4:17  Engineering Bay  
  48  4:18  SCV x2  
  48  4:21  Marine, Engineering Bay  
  48  4:22  Marine x2  
  48  4:23  SCV  
  54  4:24  Marine  
  54  4:27  Supply Depot  
  54  4:30  SCV, Marine  
  57  4:32  SCV  
  57  4:35  SCV  
  59  4:42  SCV, Starport, Refinery  
  59  4:44  SCV  
  59  4:45  Factory Reactor  
  61  4:49  SCV  
  61  4:51  Orbital Command  
  61  4:52  Supply Depot, Marine x2  
  63  4:53  Marine  
  63  4:54  Marine x2  
  66  5:00  SCV  
  66  5:01  SCV  
  66  5:02  Terran Infantry Weapons Level 1, Terran Infantry Armor Level 1  
  68  5:08  Supply Depot  
  68  5:11  Barracks  
  68  5:15  Barracks  
  68  5:23  Combat Shield, Marine x2  
  68  5:26  Marine x3  
  73  5:29  Medivac x2  
  73  5:31  Factory Tech Lab  
  73  5:35  Supply Depot, SCV x2  
  78  5:36  SCV  
  80  5:47  SCV  
  80  5:48  SCV x2  
  83  5:52  Marine x2  
  83  5:56  Marine x3  
  88  5:58  Supply Depot  
  88  5:59  SCV, Siege Tank  
  88  6:01  Barracks Reactor  
  88  6:02  Barracks Reactor  
  92  6:06  Supply Depot, SCV  
  93  6:17  Supply Depot  
  93  6:19  SCV, Marine x5  
  93  6:21  SCV x2  
  100  6:31  Supply Depot  
  100  6:32  Siege Tank, Medivac x2  
  108  6:36  Armory  
  109  6:42  Supply Depot  
  109  6:43  Marine x2  
  109  6:44  Marine x7  
  116  6:55  SCV  
  116  6:56  SCV x2  
  116  6:58  Supply Depot  
  116  7:01  Marine x2  
  121  7:02  Marine x4  
  121  7:05  Marine  
  121  7:06  Marine x2  
  128  7:14  Siege Tank  
  129  7:18  Marine x2  
  129  7:20  Marine x4  
  135  7:23  Marine  
  135  7:24  Marine x2  
  133  7:36  Marine x2  
  127  7:37  Marine x4, Medivac x2  
  127  7:41  Marine x3  
  138  7:46  Siege Tank  
  141  7:54  Marine x2  
  141  7:55  Marine x4  
  147  7:59  Marine x2  
  147  8:03  Marine  
  147  8:04  SCV  
  147  8:05  SCV x2  
  147  8:09  Supply Depot  
  147  8:10  Supply Depot  
  147  8:12  Marine x2  
  135  8:13  Marine x4  
  135  8:16  Marine  
  135  8:17  Marine  
  135  8:18  Siege Tank  
  143  8:21  Marine  
  146  8:30  Marine x2  
  146  8:31  SCV, Marine x2  
  146  8:33  SCV  
  152  8:34  SCV  
  153  8:43  SCV  
Show
View Real Time Build Order
Export as new Build Order

Lambo Zerg 

Build Orders: Hatch First 

Get SALT Encoding   

  12  0:00  Drone  
  13  0:08  Drone  
  14  0:15  Drone, Extractor  
  15  0:38  Hatchery  
  14  0:44  Extractor  
  14  0:45  Drone  
  14  0:49  Overlord  
  15  1:04  Spawning Pool  
  14  1:08  Drone  
  15  1:11  Drone  
  15  1:15  Drone  
  17  1:20  Drone  
  18  1:30  Drone, Extractor  
  18  1:40  Drone  
  19  1:50  Queen x2  
  19  1:53  Drone  
  24  1:55  Drone  
  25  2:04  Overlord  
  25  2:05  Drone  
  26  2:13  Drone x2  
  28  2:24  Spore Crawler  
  28  2:29  Spore Crawler  
  26  2:33  Hatchery  
  26  2:35  Spore Crawler  
  26  2:38  Drone  
  26  2:42  Drone x3  
  30  2:49  Metabolic Boost  
  30  2:51  Drone  
  30  2:54  Overlord  
  30  2:56  Drone  
  32  3:02  Queen  
  34  3:08  Drone x2  
  36  3:18  Drone, Overlord  
  36  3:19  Queen  
  39  3:21  Drone  
  39  3:22  Drone  
  39  3:23  Drone  
  42  3:29  Overlord  
  42  3:30  Drone x2  
  44  3:36  Zergling x2  
  44  3:40  Queen  
  47  3:45  Drone x2  
  49  3:49  Evolution Chamber  
  49  3:51  Drone x3  
  49  3:54  Queen  
  53  3:56  Drone x2  
  53  3:59  Overlord  
  56  4:02  Drone  
  56  4:03  Drone  
  56  4:06  Drone  
  56  4:09  Drone x2  
  60  4:10  Zergling x2  
  60  4:13  Drone  
  60  4:14  Zerg Melee Weapons Level 1  
  62  4:17  Drone, Evolution Chamber  
  62  4:19  Drone  
  62  4:21  Drone  
  64  4:25  Drone x3  
  64  4:28  Drone x2, Extractor  
  68  4:35  Drone x4  
  68  4:38  Queen  
  74  4:42  Overlord, Extractor  
  73  4:47  Overlord  
  73  4:50  Overlord  
  73  4:56  Zergling x2  
  73  4:57  Overlord  
  73  4:59  Hatchery  
  73  5:00  Overlord, Zerg Ground Armor Level 1  
  73  5:02  Overlord  
  73  5:04  Overlord  
  73  5:05  Zergling x10  
  79  5:09  Zergling x2  
  79  5:11  Zergling x4  
  79  5:13  Queen x2  
  86  5:15  Zergling x2  
  87  5:22  Zergling x14  
  87  5:25  Overlord  
  87  5:28  Lair  
  94  5:29  Zergling x2  
  94  5:33  Baneling Nest  
  94  5:34  Zergling x4  
  96  5:40  Zergling x12  
  104  5:54  Zergling x10  
  104  5:56  Hatchery  
  105  6:05  Hatchery  
  105  6:07  Drone x3  
  105  6:09  Extractor  
  106  6:12  Zergling x4  
  106  6:16  Zergling x2  
  106  6:17  Baneling x5  
  106  6:18  Baneling x2  
  109  6:20  Zergling x2  
  109  6:21  Zergling x6  
  111  6:26  Zergling x14  
  111  6:28  Zergling x2  
  112  6:33  Centrifugal Hooks, Zerg Melee Weapons Level 2  
  112  6:35  Zergling x2  
  112  6:37  Zergling x2  
  113  6:41  Zergling x2  
  113  6:43  Baneling x4  
  113  6:46  Zergling x2  
  113  6:47  Zergling x6  
  118  6:48  Zergling x2  
  118  6:52  Zergling x4  
  121  6:56  Hatchery  
  121  6:57  Overlord x2  
  121  7:00  Zergling x2  
  121  7:03  Overlord x2  
  121  7:05  Overlord  
  121  7:06  Overlord  
  121  7:07  Overlord  
  121  7:08  Overlord  
  121  7:15  Zergling x8  
  122  7:20  Drone x5  
  127  7:25  Zergling x4  
  116  7:30  Zergling x2  
  116  7:34  Zergling x8  
  116  7:35  Zergling x2  
  104  7:39  Zergling x4  
  104  7:42  Baneling x5  
  104  7:44  Zergling x8  
  110  7:46  Zergling x2  
  111  7:51  Zergling x10  
  111  7:52  Baneling x4  
  111  7:55  Zergling x2  
  111  7:57  Zergling x6  
  120  8:00  Hatchery  
  120  8:04  Zergling x2  
  120  8:05  Zergling x4  
  120  8:08  Infestation Pit  
  120  8:11  Zergling x10  
  106  8:15  Baneling Nest  
  106  8:17  Zergling x12  
  100  8:24  Drone x4  
  96  8:28  Zergling x2  
  96  8:31  Zergling x4  
  99  8:35  Zergling x8  
  99  8:37  Zergling x2  
Tags
 
Add a new tag
Caveats
  • Supply blocks, unpowered buildings, or Contaminate may cause inaccurate times.
  • Supply counts are checked every 10 seconds.